 Dungeon Crawl Stone Soup version 0.31-a0-233-g139696dc86 (webtiles) character file.

Game seed: 12104792676179545891

1388 qw the Skirmisher (level 8, 0/71 HPs)
             Began as a Minotaur Hexslinger on July 9, 2023.
             Slain by a gnoll
             ... wielding a +0 whip
             ... led by a gnoll bouda
              (2 damage)
             ... on level 6 of the Dungeon.
             The game lasted 00:01:30 (4106 turns).

qw the Skirmisher (Minotaur Hexslinger)             Turns: 4106, Time: 00:01:31

Health: 0/71       AC:  7    Str: 11 (12) XL:     8   Next: 40%
Magic:  8/8        EV: 11    Int:  9 (10) God:
Gold:   220        SH:  0    Dex: 15 (16) Spells: 8/9 levels left

rFire   . . .        Y - +0 arbalest
rCold   + . .        (shield currently unavailable)
rNeg    . . .        g - +0 ring mail
rPois   .            (helmet restricted)
rElec   .            f - +0 cloak
rCorr   .            b - +0 pair of gloves
SInv    .            (no boots)
Will    .....        (no amulet)
Stlth   +            d - ring of protection from cold
HPRegen 0.31/turn    (no ring)
MPRegen 0.11/turn

%: no passive effects
@: weakened
A: horns 2, retaliatory headbutt
a: no special abilities


You were on level 6 of the Dungeon.
You visited 1 branch of the dungeon, and saw 6 of its levels.

You collected 220 gold pieces.


Innate Abilities, Weirdness & Mutations

You have a pair of horns on your head.
You reflexively headbutt those who attack you in melee.


   Skills:
 - Level 6.4 Fighting
 + Level 9.4 Ranged Weapons
 - Level 2.3 Armour
 - Level 3.1 Dodging
 - Level 1.0 Spellcasting
 - Level 2.0 Hexes


You had 8 spell levels left.
You knew the following spells:

 Your Spells              Type           Power      Damage    Failure   Level
a - Slow                  Hex            16%        N/A       36%         1

Your spell library contained the following spells:

 Spells                   Type           Power      Damage    Failure   Level
 Inner Flame              Hex/Fire       2%         N/A       86%         3
 Portal Projectile        Hex/Tloc       4%         N/A       86%         3
 Cause Fear               Hex            2%         N/A       98%         4

Inventory:

Hand Weapons
 Y - a +0 arbalest (weapon)
Armour
 b - a +0 pair of gloves (worn)
 f - a +0 cloak (worn)
 g - a +0 ring mail (worn)
Jewellery
 d - a ring of protection from cold (left hand)
Wands
 e - a wand of digging (6)
Scrolls
 i - a scroll of identify
 k - 2 scrolls of noise {unknown}
Potions
 a - a potion of haste {unknown}
 c - a potion of attraction {unknown}
 h - a potion of cancellation {unknown}
 j - a potion of enlightenment
 m - a potion of curing {unknown}

Dungeon Overview and Level Annotations

Branches:
Dungeon (6/15)
 Temple: D:4-7

Altars:
Fedhas
Uskayaw
Xom


Message History

The gnoll hits you with a +0 club. The gnoll closely misses you.
The gnoll bouda hits you with a +0 club.
The gnoll barely misses you. You furiously retaliate!
You headbutt the gnoll. You shoot a bolt. The bolt barely misses the gnoll.
The gnoll misses you. You furiously retaliate!
You headbutt the gnoll.
The gnoll bouda gazes fiercely through you!
You feel your attacks grow feeble. The gnoll bouda barely misses you.
The gnoll hits you with a +0 club. The gnoll hits you but does no damage.
The gnoll bouda closely misses you. You furiously retaliate!
You headbutt the gnoll bouda! You shoot a bolt.
The bolt barely misses the gnoll.
The gnoll hits you with a +0 club. The gnoll closely misses you.
The gnoll bouda hits you with a +0 club.
The gnoll hits you but does no damage.
You shoot a bolt. The bolt closely misses the gnoll.
The gnoll hits you with a +0 whip.
The gnoll bouda hits you with a +0 club.
The gnoll closely misses you. You furiously retaliate!
You headbutt the gnoll. The gnoll barely misses you.
The gnoll bouda calls upon its god to heal the gnoll.
The gnoll is healed somewhat.
You shoot a bolt. The bolt barely misses the gnoll.
Your attacks no longer feel as feeble.
The gnoll barely misses you. You furiously retaliate!
You headbutt the gnoll.
You kill the gnoll!
The gnoll barely misses you.
The gnoll bouda gazes fiercely through you!
You feel your attacks grow feeble.
The gnoll bouda hits you with a +0 club.
You shoot a bolt. The bolt barely misses the gnoll bouda.
The gnoll hits you with a +0 whip. The gnoll bouda barely misses you.
The gnoll hits you with a +0 whip. The gnoll bouda closely misses you.
You shoot a bolt.
The bolt closely misses the gnoll bouda.
The gnoll hits you with a +0 whip.
The gnoll bouda hits you with a +0 club.
You shoot a bolt. The bolt barely misses the gnoll bouda.
The gnoll is no longer moving quickly.
The gnoll closely misses you. The gnoll bouda barely misses you.
The gnoll hits you with a +0 whip.
You die...

......# .....##
..# #.. ....##
##.#.#. .#.#
...## #..# .. ...
#+## #.#. .. ..#
#.# ... .###.#
#.# #.. .... #.##
#..##.###g###.##.
...##
#......g@)?.....
....##
##.###.###.###.#
.....# #.# ####.
.....#########.#
..........(....#
....############
#####


You could see a gnoll bouda and a gnoll.

Vanquished Creatures
  Grinder (D:3)
  A steam dragon (D:5)
  An ogre (D:5)
  A bullfrog (D:5)
  5 scorpions (D:4)
  A howler monkey (D:6)
  4 orc priests
  A jelly (D:6)
  2 hounds (D:5)
  3 iguanas (D:4)
  2 sleepcaps
  Terence (D:3)
  An orc wizard (D:5)
  Robin (D:3)
  5 adders
  5 gnolls
  An ufetubus (D:5)
  2 worms
  3 dart slugs
  12 orcs
  5 endoplasms
  3 giant cockroaches
  6 hobgoblins
  2 jackals (D:1)
  4 kobolds
  4 quokkas
  5 ball pythons
  2 bats
  2 frilled lizards
  15 goblins
  2 rats
103 creatures vanquished.

Notes
Turn   | Place    | Note
-------+----------+-------------------------------------------
     0 | D:1      | qw the Minotaur Hexslinger began the quest for the Orb.
     0 | D:1      | Reached XP level 1. HP: 16/16 MP: 1/1
     0 | D:1      | 0 ||| qw: Version: 0.3-a-51-g015441d
     0 | D:1      | 0 ||| qw: Game counter: 3989
     0 | D:1      | 0 ||| qw: Melee chars always use a shield: true
     0 | D:1      | 0 ||| qw: God list: Okawaru
     0 | D:1      | 0 ||| qw: Allow faded altars: false
     0 | D:1      | 0 ||| qw: Do Orc after clearing Dungeon:15 true
     0 | D:1      | 0 ||| qw: Do second Lair branch before Depths: true
     0 | D:1      | 0 ||| qw: Lair rune preference: random
     0 | D:1      | 0 ||| qw: Goals: Normal
     0 | D:1      | 0 ||| PLANNING D:1-11
    78 | D:1      | Reached skill level 3 in Ranged Weapons
    78 | D:1      | Reached XP level 2. HP: 21/23 MP: 2/2
   783 | D:1      | 783 ||| UPGRADING to +0 leather armour.
   793 | D:1      | 793 ||| DROPPING +0 robe.
   794 | D:1      | 794 ||| UPGRADING to +0 cloak.
   799 | D:1      | 799 ||| UPGRADING to +0 ring mail.
   809 | D:1      | 809 ||| DROPPING +0 leather armour.
   810 | D:1      | 810 ||| READING scroll labelled WANULE TATYDGH.
   852 | D:1      | 852 ||| READING scroll labelled XYNKI KUUMAL.
   853 | D:1      | 853 ||| DROPPING scroll of poison.
   924 | D:2      | Reached XP level 3. HP: 24/29 MP: 3/3
   950 | D:2      | 950 ||| FLEEEEING.
   951 | D:2      | 951 ||| FLEEEEING.
   965 | D:2      | 965 ||| STAIRDANCE
   981 | D:2      | 981 ||| STAIRDANCE
  1098 | D:2      | Reached skill level 4 in Ranged Weapons
  1164 | D:2      | Found a hide-covered altar of Uskayaw.
  1235 | D:2      | 1235 ||| FLEEEEING.
  1236 | D:2      | 1236 ||| FLEEEEING.
  1237 | D:2      | 1237 ||| FLEEEEING.
  1337 | D:2      | 1337 ||| UPGRADING to +0 pair of gloves.
  1342 | D:2      | 1342 ||| READING scroll labelled UPPADEA QOGES.
  1343 | D:2      | 1343 ||| READING scroll labelled ABEPHI AXONWA.
  1366 | D:3      | Reached skill level 1 in Armour
  1372 | D:3      | Reached XP level 4. HP: 35/36 MP: 4/4
  1571 | D:3      | 1571 ||| SWAPPING to +0 arbalest.
  1572 | D:3      | 1572 ||| DROPPING +1 sling of flaming.
  1617 | D:3      | Noticed Grinder
  1618 | D:3      | Paralysed by Grinder for 5 turns
  1629 | D:3      | Killed Grinder
  1630 | D:3      | Reached skill level 6 in Ranged Weapons
  1630 | D:3      | Reached XP level 5. HP: 21/41 MP: 5/5
  1630 | D:3      | Reached XP level 6. HP: 25/48 MP: 6/6
  2026 | D:3      | Noticed Robin
  2036 | D:3      | Killed Robin
  2206 | D:3      | Noticed Terence
  2209 | D:3      | Killed Terence
  2210 | D:3      | Reached skill level 3 in Fighting
  2397 | D:4      | Found a blossoming altar of Fedhas.
  2437 | D:4      | Reached skill level 7 in Ranged Weapons
  2469 | D:4      | Reached XP level 7. HP: 59/59 MP: 7/7
  2627 | D:4      | Reached skill level 8 in Ranged Weapons
  2845 | D:4      | 2845 ||| READING 2 scrolls labelled NUCVAC ETUNNA.
  2849 | D:4      | 2849 ||| READING scroll labelled WAODIL ECOROI.
  2863 | D:5      | Entered Level 5 of the Dungeon
  3213 | D:5      | Reached XP level 8. HP: 69/69 MP: 8/8
  3367 | D:5      | Reached skill level 9 in Ranged Weapons
  3394 | D:5      | Found a shimmering altar of Xom.
  3410 | D:5      | 3410 ||| Stepping ~*~*~tactically~*~*~ (outnumbered).
  3417 | D:5      | 3417 ||| Stepping ~*~*~tactically~*~*~ (outnumbered).
  3421 | D:5      | 3421 ||| Stepping ~*~*~tactically~*~*~ (outnumbered).
  3428 | D:5      | HP: 16/69 [gnoll/+0 spear[a gnoll sergeant] (4)]
  3429 | D:5      | 3429 ||| READING scroll of teleportation.
  3620 | D:5      | Reached skill level 3 in Dodging
  3763 | D:5      | 3763 ||| Stepping ~*~*~tactically~*~*~ (cloud).
  3774 | D:5      | Reached skill level 6 in Fighting
  3965 | D:5      | 3965 ||| UPGRADING to ring of protection from cold.
  3966 | D:5      | 3966 ||| READING scroll labelled XAPHAR GI IVIO.
  3967 | D:5      | 3967 ||| DRINKING 2 fizzy coppery potions.
  3968 | D:5      | 3968 ||| DRINKING 2 sedimented red potions.
  3969 | D:5      | 3969 ||| DROPPING potion of degeneration.
  4102 | D:6      | HP: 13/71 [gnoll bouda/+0 club (5)]
  4105 | D:6      | HP: 6/71 [gnoll/+0 whip[a gnoll bouda] (2)]
  4105 | D:6      | HP: 2/71 [gnoll bouda/+0 club (4)]
  4106 | D:6      | Slain by a gnoll

Levels and vault maps discovered:
D:1:      dpeg_arrival_line_fractal, layout_basic
D:2:      layout_rooms, basic_altar
D:3:      layout_basic, st_stairs_1, uniq_terence, uniq_robin, uniq_grinder
D:4:      layout_rooms, fedhas_altar_3
D:5:      layout_basic, mainiacjoe_overflow_alcove_2
D:6:      layout_loops_corners, nicolae_elyvilon_temple_path, temple_green,
          nicolae_concentric_dashed_squares_wild

Skill      XL: |  1  2  3  4  5  6  7  8 |
---------------+-------------------------+-----
Ranged Weapons | 3 4 6 7 8 9 |  9.4
Fighting       | 2 4 5 6 |  6.4
Armour         | 1 2 |  2.3
Dodging        | 3 |  3.1
Spellcasting   | |  1.0
Hexes          | |  2.0

Action                     |  1- 3 |  4- 6 |  7- 9 || total
---------------------------+-------+-------+-------++-------
   Fire: Sling             |   132 |    20 |       ||   152
         Arbalest          |       |    52 |   114 ||   166
    Use: Scroll            |     4 |       |     4 ||     8
         Potion            |       |       |     2 ||     2
 Armour: Ring mail         |    18 |    20 |    35 ||    73
         Robe              |     3 |       |       ||     3
  Dodge: Dodged            |    38 |    35 |    74 ||   147

Table legend:
 A = Non-vault XP
 B = Vault XP
 C = Vault XP percentage of total XP
 D = Non-vault monster count
 E = Vault monster count
 F = Vault count percentage of total count
                 A         B        C        D         E       F
            +---------+---------+-------+---------+---------+-------
      Total |    1605 |     379 |  19.1 |      86 |      17 |  16.5
            +---------+---------+-------+---------+---------+-------
        D:1 |      35 |       0 |   0.0 |      18 |       0 |   0.0
        D:2 |      44 |       0 |   0.0 |      15 |       0 |   0.0
        D:3 |      17 |     379 |  95.7 |       8 |      17 |  68.0
        D:4 |     621 |       0 |   0.0 |      17 |       0 |   0.0
        D:5 |     723 |       0 |   0.0 |      22 |       0 |   0.0
        D:6 |     165 |       0 |   0.0 |       6 |       0 |   0.0
            +---------+---------+-------+---------+---------+-------
